 Dungeon Crawl Stone Soup version 0.30-b1-2-g02819fbbbe (webtiles) character file.

Game seed: 3103396888478013416

35 Alarkh the Vexing (level 3, -4/27 HPs)
             Began as a Demonspawn Hexslinger on July 8, 2023.
             Slain by an ogre
             ... wielding a +0 giant club
              (27 damage)
             ... on level 1 of the Dungeon.
             The game lasted 00:01:41 (743 turns).

Alarkh the Vexing (Demonspawn Hexslinger)            Turns: 743, Time: 00:01:41

Health: -4/27      AC:  4    Str: 10    XL:     3   Next: 17%
Magic:  4/4        EV: 12    Int: 16    God:
Gold:   77         SH:  0    Dex: 13    Spells: 3/4 levels left

rFire   . . .        a - +0 arbalest
rCold   . . .        (shield currently unavailable)
rNeg    . . .        c - +0 robe
rPois   .            (no helmet)
rElec   .            (no cloak)
rCorr   .            e - +1 pair of gloves
SInv    .            (no boots)
Will    .....        (no amulet)
Stlth   +            (no ring)
HPRegen 0.24/turn    (no ring)
MPRegen 0.09/turn

%: no passive effects
@: no status effects
A: powered by death 1, demonic touch 1
a: no special abilities


You were on level 1 of the Dungeon.
You visited 1 branch of the dungeon, and saw 2 of its levels.

You collected 77 gold pieces.

Inventory:

Hand Weapons
 a - a +0 arbalest (weapon)
 b - a +0 dagger of venom
 l - a +1 sling
Armour
 c - a +0 robe (worn)
 e - a +1 pair of gloves (worn)
Scrolls
 d - a scroll of poison
Potions
 f - a potion of heal wounds
 h - a potion of haste {unknown}
 j - a potion of flight {unknown}
 k - a potion of invisibility {unknown}


   Skills:
 + Level 1.9 Fighting
 * Level 2.9 Ranged Weapons
 - Level 1.7 Dodging
 - Level 1.0 Spellcasting
 - Level 3.0 Hexes


You had 3 spell levels left.
You knew the following spells:

 Your Spells              Type           Power      Damage    Failure   Level
a - Slow                  Hex            40%        N/A       7%          1

Your spell library contained the following spells:

 Spells                   Type           Power      Damage    Failure   Level
 Lesser Beckoning         Tloc           0%         N/A       34%         2
 Inner Flame              Hex/Fire       5%         N/A       36%         3
 Portal Projectile        Hex/Tloc       10%        N/A       36%         3
 Gell's Gravitas          Tloc           0%         N/A       56%         3
 Hailstorm                Conj/Ice       0%         3d3       56%         3
 Teleport Other           Tloc           0%         N/A       56%         3
 Cause Fear               Hex            5%         N/A       54%         4
 Ice Form                 Ice/Tmut       0%         N/A       92%         4
 Simulacrum               Ice/Necr       0%         N/A       100%        6


Dungeon Overview and Level Annotations

Branches:
Dungeon (2/15)

Altars:


Innate Abilities, Weirdness & Mutations

You regenerate a little health from kills.
Your touch may inflict minor irresistible damage on your foes.


Message History

Found a mace.
You enter the shallow water.
Moving in this stuff is going to be slow.
There is a fountain of sparkling water here.
There is a fountain of sparkling water here.
You enter the shallow water.
Moving in this stuff is going to be slow.
You enter the shallow water.
Moving in this stuff is going to be slow.
As you open the door, it creaks loudly!
There is an open door here.
As you open the door, it creaks loudly!
There is an open door here.
There is an open door here.
You see here a frilled lizard skeleton.
Done exploring.
Done exploring.
(D) Dungeon
Where to? (? - help)
There is a stone staircase leading down here.
You climb downwards.
The ogre shouts!
The ogre barely misses you.
There is a stone staircase leading up here.
An ogre is nearby!
An ogre is nearby!
You climb upwards.
There is a stone staircase leading down here.
Okay, then.
Okay, then.
As you read the scroll labelled XESHRU GEDD, it crumbles to dust.
It is a scroll of identify.
f - a potion of heal wounds The ogre hits you with a +0 giant club.
As you read the scroll labelled OKHIABL RUGHU, it crumbles to dust.
It is a scroll of enchant armour.
Your +0 pair of gloves glows green for a moment.
The ogre hits you with a +0 giant club!!
Ouch! That really hurt!
You die...

##### ....#
###########################
###.###..........O...............
.##.....##......@.####.........##
..#......(......#.# #.#######.#
..#.##.########.#.# #.# #.#
..#.##.# #......#.####.## #.#
..+.##.###.##...........# ##.##
..#........##.#.######..#####...#
..#.##.######.#.# #.............
.#####.######.#.# #.#..#####...#
######..........####.#...........


You could see an ogre.

Vanquished Creatures
  2 dart slugs (D:1)
  6 ball pythons (D:1)
  5 goblins
  4 hobgoblins (D:1)
  A kobold (D:1)
  2 quokkas (D:1)
  4 bats
  4 frilled lizards
28 creatures vanquished.

Notes
Turn   | Place    | Note
-------+----------+-------------------------------------------
     0 | D:1      | Alarkh the Demonspawn Hexslinger began the quest for the
                  | Orb.
     0 | D:1      | Reached XP level 1. HP: 15/15 MP: 2/2
   107 | D:1      | Gained mutation: You regenerate a little health from kills.
                  | [demonic ancestry]
   107 | D:1      | Reached XP level 2. HP: 14/21 MP: 1/3
   170 | D:1      | Found a faded altar of an unknown god.
   429 | D:1      | You fall into a shaft and drop 1 floor!
   441 | D:2      | Gained mutation: Your touch may inflict minor irresistible
                  | damage on your foes. [demonic ancestry]
   441 | D:2      | Reached XP level 3. HP: 26/27 MP: 4/4
   739 | D:2      | Noticed an ogre
   743 | D:1      | Slain by an ogre

Illustrated notes

Levels and vault maps discovered:
D:1:      lightli_iron_boxes, layout_loops_ring,
          hellmonk_ecumenical_altar_pennies_from_heaven, serial_glass,
          glass_columns_a, glass_columns_c, fountainhead,
          corexii_leaking_fountain, kennysheep_another_room, serial_bayou_pond_b
D:2:      layout_basic, basic_altar, wander_ebering_terrifying_dragon_lair

Skill      XL: |  1 |
---------------+----+-----
Ranged Weapons | 2 |  2.9
Fighting       | |  1.9
Dodging        | |  1.7
Spellcasting   | |  1.0
Hexes          | |  3.0

Action                     || total
---------------------------++-------
   Fire: Sling             ||    91
         Arbalest          ||     9
   Cast: Slow              ||     3
    Use: Scroll            ||     2
 Armour: Robe              ||    13
  Dodge: Dodged            ||    40
